 Dungeon Crawl Stone Soup version 0.28-a0-245-g639a1a48b9 (webtiles) character file.

Game seed: 2024302683439768307

34 SkeletonJelly the Slasher (level 3, 0/31 HPs)
             Began as a Draconian Monk on Aug 24, 2021.
             Was an Initiate of Makhleb.
             Slain by a kobold (4 damage)
             ... on level 2 of the Dungeon.
             The game lasted 00:01:42 (1416 turns).

SkeletonJelly the Slasher (Draconian Monk)          Turns: 1416, Time: 00:01:42

Health: 0/31       AC:  5    Str: 14    XL:     3   Next: 14%
Magic:  3/3        EV: 12    Int: 10    God:    Makhleb [......]
Gold:   46         SH:  0    Dex: 13    Spells: 2/2 levels left

rFire   . . .      SeeInvis .   a - +0 falchion
rCold   . . .      Faith    .   (no shield)
rNeg    . . .      Spirit   .   (armour unavailable)
rPois   .          Reflect  .   (helmet restricted)
rElec   .          Harm     .   (no cloak)
rCorr   .          Rampage  .   (no gloves)
Will    .....                   (no boots)
Stlth   ++........              (no amulet)
HPRegen 0.10/turn               c - ring of flight
MPRegen 0.08/turn               (no ring)

@: lethally poisoned (0 -> -6), flying
A: AC +5, unfitting armour, cold-blooded
a: Renounce Religion


You were on level 2 of the Dungeon.
You worshipped Makhleb.
Makhleb was noncommittal.
You visited 1 branch of the dungeon, and saw 2 of its levels.

You collected 46 gold pieces.

Inventory:

Hand Weapons
 a - a +0 falchion (weapon)
Jewellery
 c - a ring of flight (left hand)
Scrolls
 d - a scroll of noise {unknown}
 e - a scroll of fear {unknown}
 h - a scroll of teleportation {unknown}
Potions
 b - a potion of might {unknown}
 f - a potion of attraction {unknown}
 g - a potion of curing {unknown}


   Skills:
 - Level 3.2 Fighting
 * Level 4.3 Long Blades
 - Level 2.6 Dodging
 - Level 1.7 Stealth
 + Level 0.0 Invocations


You had 2 spell levels left.
You didn't know any spells.
Your spell library contained the following spells:

 Spells                   Type           Power      Damage    Failure   Level
 Passwall                 Tmut/Erth      0%         N/A       50%         2
 Swiftness                Air            0%         N/A       75%         3
 Invisibility             Hex            0%         N/A       100%        6


Dungeon Overview and Level Annotations

Branches:
Dungeon (2/15)

Altars:
Makhleb
Yredelemnul


Innate Abilities, Weirdness & Mutations

Your plain brown scales are hard. (AC +5)
You cannot fit into any form of body armour.
You are cold-blooded and may be slowed by cold attacks.


Message History

The kobold hits you with a +0 whip.
You take 1 damage, and have 30/31 hp.
You hit the kobold.
You kill the kobold!
No target in view!
No target in view!
No target in view!
Things that are here:
a +0 whip; a kobold corpse HP restored.
There is a stone staircase leading down here.
There is a faded altar of an unknown god here.
Health restored: 31 You cannot tell which god this altar belongs to.
Convert to them anyway?
Yredelemnul accepts your prayer! Yredelemnul welcomes you!
You can now animate remains.
You can now recall your undead slaves.
You can now mirror injuries on your foes.
You see here a +0 ring mail.
Found a burning altar of Makhleb.
A kobold comes into view. It is wielding a +0 short sword.
A kobold is nearby!
A kobold is nearby!
The kobold shouts!
The kobold hits you with a +0 short sword.
You take 2 damage, and have 29/31 hp.
You hit the kobold.
You kill the kobold!
Yredelemnul accepts your kill.
No target in view!
No target in view!
No target in view!
No target in view!
No target in view!
There is a burning altar of Makhleb here.
You hover solemnly before the altar of Makhleb.
You have lost your religion!
Yredelemnul does not appreciate desertion!
Makhleb welcomes you!
Things that are here:
a +0 short sword; a kobold corpse; Health restored: 31 An adder and a kobold come into view.
Found a stone staircase leading down.
There are monsters nearby!
There are monsters nearby!
The adder hisses angrily.
The kobold shouts!
You hear a shout!
You closely miss the adder.
Your tail-slap misses the adder.
The adder bites you.
You take 2 damage, and have 29/31 hp.
You miss the adder.
Your tail-slap misses the adder.
The adder bites you but does no damage.
You miss the adder.
Your tail-slap misses the adder.
The adder closely misses you. The kobold hits you but does no damage.
The adder closely misses you.
You miss the adder.
Your tail-slap misses the adder.
The adder bites you.
You are poisoned.
The adder poisons you! The kobold barely misses you.
You riposte.
You closely miss the kobold.
You take 3 damage, and have 26/31 hp.
You barely miss the adder.
You feel sick. The adder bites you.
The kobold hits you with a +0 short sword.
The adder bites you but does no damage.
You take 6 damage, and have 20/31 hp.
You miss the adder.
You feel sick.
The kobold hits you with a +0 short sword.
The adder closely misses you.
You take 4 damage, and have 16/31 hp.
You hit the adder. You tail-slap the adder.
The adder is moderately wounded.
You feel sick.
You are no longer poisoned.
The kobold misses you. The adder bites you but does no damage.
The kobold hits you but does no damage.
You take 1 damage, and have 15/31 hp.
You are too injured to fight recklessly!
You are too injured to fight recklessly!
You are too injured to fight recklessly!
You are too injured to fight recklessly!
You are too injured to fight recklessly!
You are too injured to fight recklessly!
You barely miss the adder.
The adder is moderately wounded.
The adder bites you. The adder barely misses you. The kobold misses you.
You riposte.
You hit the kobold.
The kobold is severely wounded.
You take 1 damage, and have 14/31 hp.
You barely miss the adder. You tail-slap the adder.
The adder is severely wounded.
The adder bites you.
You are poisoned.
The adder poisons you!
The kobold hits you with a +0 short sword.
* * * LOW HITPOINT WARNING * * *
You take 8 damage, and have 6/31 hp.
MASSIVE DAMAGE!!
You hit the adder.
The adder is severely wounded.
* * * LOW HITPOINT WARNING * * *
You feel sick. The adder barely misses you.
The kobold hits you with a +0 short sword.
You die...

#..# #..# #..# #..# #..#
#..###### ######
.#####.....).####....#
........####.##......###
.#####.@# #............
#KS# ###..._..#### #..#
#......# #..# ##.....#
#>.# ####### ...# ....
....#


You could see an adder and a kobold.

Vanquished Creatures
  A dart slug (D:1)
  2 ball pythons (D:1)
  A giant cockroach (D:1)
  A goblin (D:1)
  3 hobgoblins (D:1)
  6 jackals (D:1)
  5 kobolds
  2 quokkas (D:1)
  4 bats (D:1)
  A frilled lizard (D:1)
  2 rats (D:1)
28 creatures vanquished.

Notes
Turn   | Place    | Note
-------+----------+-------------------------------------------
     0 | D:1      | SkeletonJelly the Draconian Monk began the quest for the
                  | Orb.
     0 | D:1      | Reached XP level 1. HP: 19/19 MP: 1/1
   154 | D:1      | Reached XP level 2. HP: 11/26 MP: 2/2
   639 | D:1      | Reached skill level 4 in Long Blades
  1157 | D:1      | Reached XP level 3. HP: 31/31 MP: 3/3
  1304 | D:2      | Found a faded altar of an unknown god.
  1364 | D:2      | Became a worshipper of Yredelemnul the Dark
  1364 | D:2      | Reached * piety under Yredelemnul
  1364 | D:2      | Reached ** piety under Yredelemnul
  1372 | D:2      | Found a burning altar of Makhleb.
  1392 | D:2      | Fell from the grace of Yredelemnul
  1392 | D:2      | Became a worshipper of Makhleb the Destroyer
  1416 | D:2      | Slain by a kobold

Illustrated notes

Levels and vault maps discovered:
D:1:      noname_arrival_rooms_in_the_neighbourhood, layout_basic,
          minmay_pentomino_q4
D:2:      layout_loops_ring, basic_altar, hellmonk_ecumenical_altar_crossroads,
          hex_medium

Skill      XL: |  1  2 |
---------------+-------+-----
Long Blades    | 4 |  4.3
Fighting       | |  3.2
Dodging        | |  2.6
Stealth        | |  1.7

Action                   || total
-------------------------++-------
Melee: Falchion          ||    66
       Tailslap          ||    11
 Stab: Sleeping          ||     2
Armor: Skin              ||    21
Dodge: Dodged            ||    50
       Rpst.: Falchion   ||    15

Table legend: (Time is in decaauts)
 A = Elapsed time spent in this place.
 B = Non-inter-level travel time spent in this place.
 C = Inter-level travel time spent in this place.
 D = Time resting spent in this place.
 E = Time spent auto-exploring this place.
 F = Levels seen in this place.
 G = Mean time per level.
                   A        B        C        D        E       F      G
               +--------+--------+--------+--------+--------+-----+--------+
         Total |   1423 |   1372 |     51 |      0 |   1186 |   2 |  711.5 |
       Dungeon |   1423 |   1372 |     51 |      0 |   1186 |   2 |  711.5 |
               +--------+--------+--------+--------+--------+-----+--------+

Top non-repeatable levels by time:
     D:1: 1305 daAuts
     D:2: 117 daAuts
